Admirals vs Aeros

Created - Wednesday, February 11, 2015 at 00:14

Goals
1 2 3 T
Admirals 0 1 1 2
Aeros 1 1 1 3
Shots
1 2 3 T
Admirals 5 11 4 20
Aeros 13 5 15 33

1st period

1. Aeros , Jason Zucker 29 (Andrew Gordon, Jon Landry) at 18:31

Penalties :
Warren Peters (HOU) for Roughing (Minor) at 12:00

2nd period

2. Aeros , Cam Janssen 32 (Craig Cunningham) at 11:41
3. Admirals , Sven Andrighetto 5 (Carter Ashton, Jean-Gabriel Pageau) at 14:11

Penalties :
Patrick Wey (HOU) for Fighting (Major) at 10:31, Brayden Irwin (NOR) for Fighting (Major) at 10:31, Cam Janssen (HOU) for Slashing (Double Minor) at 15:03

3rd period

4. Admirals , Carter Ashton 23 (Jean-Gabriel Pageau, Bryan Rodney) at 4:57
5. Aeros , Cam Janssen 33 (Craig Cunningham) at 17:09 (PP)

Penalties :
Ryan Button (HOU) for Holding (Minor) at 9:02, Farm Player11 (NOR) for Hooking (Minor) at 16:31

Goalie Stats

Brad Thiessen (NOR), 30 saves from 33 shots - (0.909), L, 19-12-6, 60:00 minutes
Harri Sateri (HOU), 18 saves from 20 shots - (0.900), W, 13-11-9, 60:00 minutes

Players Stats for Admirals

Player Name              G  A  P  +/- PIM S  H  SB GA TA FO     MP     PP MP  PK MP  
------------------------------------------------------------------------------------
Brayden Irwin            0  0  0   0  5   0  0  1  0  3  1/3     7:56   0:00   0:12 
Bryan Rodney             0  1  1   1  0   0  1  1  0  0  0/0    21:11   4:25   0:00 
Carter Ashton            1  1  2   1  0   6  2  0  9  0  0/0    19:02   3:40   0:00 
Darryl Boyce             0  0  0   0  0   0  5  0  2  2  0/3    17:42   2:11   0:00 
Farm Player11            0  0  0   0  2   0  1  0  0  0  0/0    24:11   4:25   0:00 
Farm Player2             0  0  0  -1  0   0  1  0  0  0  0/0    22:26   3:32   0:38 
Farm Player31            0  0  0   0  0   0  1  1  0  1  0/0    16:57   0:00   0:23 
Farm Player42            0  0  0   0  0   0  0  0  0  0  0/0    20:21   3:32   0:15 
Jean-Gabriel Pageau      0  2  2   1  0   4  1  1  1  1  9/15   19:02   3:40   0:00 
Joey Crabb               0  0  0  -1  0   2  5  1  2  1  0/1    22:48   2:06   0:26 
Jonathan Marchessault    0  0  0  -1  0   1  1  0  6  1  0/1    17:13   4:17   0:00 
Keith Aucoin             0  0  0   0  0   0  0  0  2  0  0/0     8:34   0:00   0:00 
Maxime Langelier-Parent  0  0  0   0  0   0  0  0  0  0  0/0     0:00   0:00   0:00 
Mike Sislo               0  0  0   0  0   0  1  0  3  1  0/0    14:33   0:00   0:00 
Mike Zigomanis           0  0  0  -1  0   2  2  1  4  3  8/16   17:51   4:17   0:38 
Nathan McIver            0  0  0   0  0   0  0  1  0  0  0/0    15:35   0:00   0:00 
Ryan Bourque             0  0  0   0  0   0  1  0  0  2  1/1    14:56   0:00   0:00 
Sven Andrighetto         1  0  1   1  0   5  1  1  0  0  0/0    19:02   3:40   0:00 

Players Stats for Aeros

Player Name              G  A  P  +/- PIM S  H  SB GA TA FO     MP     PP MP  PK MP  
------------------------------------------------------------------------------------
Andrew Gordon            0  1  1   1  0   2  4  0  1  1  3/6    20:46   0:26   5:08 
Bretton Stamler          0  0  0  -1  0   0  2  1  1  0  0/0    19:37   0:00   0:00 
Brodie Dupont            0  0  0   0  0   0  1  0  1  1  3/4    11:04   0:00   0:00 
Cam Janssen              2  0  2   0  4   4  2  0  3  0  0/0    14:26   0:12   0:00 
Colin Stuart             0  0  0   0  0   4  1  0  3  0  1/1    14:45   0:26   1:26 
Craig Cunningham         0  2  2   0  0   3  3  0  0  1  1/1    16:51   0:12   1:26 
Dana Tyrell              0  0  0   1  0   6  2  0  1  1  4/12   20:31   0:00   5:19 
Danny Hobbs              0  0  0  -1  0   1  1  1  3  0  0/0    11:31   0:12   1:23 
Jani Hakanpaa            0  0  0   1  0   1  3  0  1  3  0/0    19:34   0:35   3:14 
Jason Zucker             1  0  1   1  0   5  0  0  2  2  0/0    14:30   0:00   0:00 
Joel Chouinard           0  0  0   1  0   1  1  0  0  1  0/0    21:21   0:03   4:43 
Jon Landry               0  1  1   0  0   1  0  1  0  3  0/0    21:51   0:35   3:14 
Matthew Pistilli         0  0  0   0  0   3  0  0  0  2  0/1    11:04   0:00   0:00 
Mike Ullrich             0  0  0  -1  0   1  1  1  0  0  3/5     9:56   0:00   0:00 
Patrick Wey              0  0  0   0  5   1  2  1  0  0  0/0    20:50   0:03   4:43 
Ryan Button              0  0  0  -1  2   0  4  0  2  0  0/0    17:17   0:00   0:00 
Scott Campbell           0  0  0  -1  0   0  0  0  1  1  0/0    11:08   0:00   1:12 
Warren Peters            0  0  0   0  2   0  2  2  0  1  6/10   14:57   0:26   0:00 

3 Stars

1 - Carter Ashton (NOR)
2 - Cam Janssen (HOU)
3 - Jean-Gabriel Pageau (NOR)

Power Play

Admirals - 0 on 4 Attempt(s) - 0.00%
Aeros - 1 on 1 Attempt(s) - 100.00%

Penalty Kill

Admirals - 0 on 1 Attempt(s) - 0.00% - Score 0 goal in Penalty Kill
Aeros - 4 on 4 Attempt(s) - 100.00% - Score 0 goal in Penalty Kill

Team Stat

Admirals - Hits : 23 - Faceoff Wins : 19 - Blocked Shots : 8 - Penalty Minutes : 7
Aeros - Hits : 29 - Faceoff Wins : 21 - Blocked Shots : 7 - Penalty Minutes : 13

Official

Referees : Unknown
Linesman : Unknown

Game Notes

Patrick Wey and Brayden Irwin fight to a draw at 10:31 of 2nd period

Finance

Level 1 -- Attendance: 1585 (79.25%) -- Ticket Income $55,475
Level 2 -- Attendance: 769 (76.90%) -- Ticket Income $11,535
Total Attendance: 2354 (78.47%)
Total Ticket Income: $67,010
Other Income: $32,835
Total Income: $99,845

Admirals

5 vs 5 Forward 
   Center                   Left Wing                Right Wing               Time % Phy DF OF 
 1 Mike Zigomanis           Jonathan Marchessault    Joey Crabb               35     1   2  2  
 2 Jean-Gabriel Pageau      Sven Andrighetto         Carter Ashton            30     1   2  2  
 3 Darryl Boyce             Ryan Bourque             Mike Sislo               22     1   2  2  
 4 Brayden Irwin            Keith Aucoin             Joey Crabb               13     1   2  2  

5 vs 5 Defense 
   Defense                  Defense                                           Time % Phy DF OF 
 1 Bryan Rodney             Farm Player11                                     35     1   2  2  
 2 Farm Player2             Nathan McIver                                     30     1   2  2  
 3 Farm Player42            Farm Player31                                     22     1   2  2  
 4 Farm Player2             Farm Player11                                     13     1   2  2  

PowerPlay Forward 
   Center                   Left Wing                Right Wing               Time % Phy DF OF 
 1 Mike Zigomanis           Jonathan Marchessault    Joey Crabb               60     1   2  2  
 2 Jean-Gabriel Pageau      Sven Andrighetto         Carter Ashton            40     1   2  2  

PowerPlay Defense
   Defense                  Defense                                           Time % Phy DF OF 
 1 Bryan Rodney             Farm Player11                                     60     1   2  2  
 2 Farm Player2             Farm Player42                                     40     1   2  2  

Penalty Kill 4 Players Forward 
   Center                   Wing                     Time % Phy DF OF 
 1 Joey Crabb               Mike Zigomanis           60     1   2  2  
 2 Jonathan Marchessault    Jean-Gabriel Pageau      40     1   2  2  

Penalty Kill 4 Players Defense
   Defense                  Defense                  Time % Phy DF OF 
 1 Farm Player42            Farm Player11            60     1   2  2  
 2 Farm Player2             Farm Player31            40     1   2  2  

Penalty Kill - 3 Players Forward 
   Forward                                           Time % Phy DF OF 
 1 Joey Crabb                                        60     1   2  2  
 2 Mike Zigomanis                                    40     1   2  2  

Penalty Kill - 3 Players Defense
   Defense                  Defense                  Time % Phy DF OF 
 1 Bryan Rodney             Farm Player11            60     1   2  2  
 2 Farm Player2             Nathan McIver            40     1   2  2  

4 vs 4 Forward 
   Center                   Wing                     Time % Phy DF OF 
 1 Joey Crabb               Mike Zigomanis           60     1   2  2  
 2 Jonathan Marchessault    Jean-Gabriel Pageau      40     1   2  2  

4 vs 4 Defense
   Defense                  Defense                  Time % Phy DF OF 
 1 Farm Player31            Farm Player11            60     1   2  2  
 2 Farm Player2             Bryan Rodney             40     1   2  2  

Last Minutes Offensive
   Center                   Left Wing                Right Wing               Defense                  Defense                  
   Mike Zigomanis           Jonathan Marchessault    Joey Crabb               Bryan Rodney             Farm Player11            

Last Minutes Defensive
   Center                   Left Wing                Right Wing               Defense                  Defense                  
   Mike Zigomanis           Jonathan Marchessault    Joey Crabb               Bryan Rodney             Farm Player11            

Goaltenders
Starting : Brad Thiessen            
Backup : David LeNeveu            

Extra Forwards
Normal : Darryl Boyce, Ryan Bourque, Brayden Irwin - PP : Darryl Boyce, Ryan Bourque - PK : Brayden Irwin
Extra Defensemen
Normal : Farm Player42, Farm Player31, Farm Player2 - PP : Farm Player42 - PK : Farm Player31, Farm Player2
Penalty Shots
Joey Crabb, Mike Zigomanis, Jonathan Marchessault, Jean-Gabriel Pageau, Sven Andrighetto

Aeros

5 vs 5 Forward 
   Center                   Left Wing                Right Wing               Time % Phy DF OF 
 1 Dana Tyrell              Jason Zucker             Andrew Gordon            35     1   2  2  
 2 Warren Peters            Craig Cunningham         Cam Janssen              30     1   2  2  
 3 Brodie Dupont            Colin Stuart             Matthew Pistilli         22     1   2  2  
 4 Mike Ullrich             Scott Campbell           Danny Hobbs              13     1   2  2  

5 vs 5 Defense 
   Defense                  Defense                                           Time % Phy DF OF 
 1 Jon Landry               Bretton Stamler                                   35     1   2  2  
 2 Patrick Wey              Ryan Button                                       30     1   2  2  
 3 Joel Chouinard           Jani Hakanpaa                                     22     1   2  2  
 4 Ryan Button              Patrick Wey                                       13     1   2  2  

PowerPlay Forward 
   Center                   Left Wing                Right Wing               Time % Phy DF OF 
 1 Warren Peters            Colin Stuart             Andrew Gordon            60     1   2  2  
 2 Danny Hobbs              Craig Cunningham         Cam Janssen              40     1   2  2  

PowerPlay Defense
   Defense                  Defense                                           Time % Phy DF OF 
 1 Jani Hakanpaa            Jon Landry                                        60     1   2  2  
 2 Joel Chouinard           Patrick Wey                                       40     1   2  2  

Penalty Kill 4 Players Forward 
   Center                   Wing                     Time % Phy DF OF 
 1 Andrew Gordon            Dana Tyrell              60     1   2  2  
 2 Craig Cunningham         Colin Stuart             40     1   2  2  

Penalty Kill 4 Players Defense
   Defense                  Defense                  Time % Phy DF OF 
 1 Jani Hakanpaa            Jon Landry               60     1   2  2  
 2 Joel Chouinard           Patrick Wey              40     1   2  2  

Penalty Kill - 3 Players Forward 
   Forward                                           Time % Phy DF OF 
 1 Andrew Gordon                                     60     1   2  2  
 2 Dana Tyrell                                       40     1   2  2  

Penalty Kill - 3 Players Defense
   Defense                  Defense                  Time % Phy DF OF 
 1 Jani Hakanpaa            Jon Landry               60     1   2  2  
 2 Joel Chouinard           Patrick Wey              40     1   2  2  

4 vs 4 Forward 
   Center                   Wing                     Time % Phy DF OF 
 1 Andrew Gordon            Dana Tyrell              60     1   2  2  
 2 Craig Cunningham         Colin Stuart             40     1   2  2  

4 vs 4 Defense
   Defense                  Defense                  Time % Phy DF OF 
 1 Jani Hakanpaa            Jon Landry               60     1   2  2  
 2 Joel Chouinard           Patrick Wey              40     1   2  2  

Last Minutes Offensive
   Center                   Left Wing                Right Wing               Defense                  Defense                  
   Warren Peters            Dana Tyrell              Andrew Gordon            Patrick Wey              Jon Landry               

Last Minutes Defensive
   Center                   Left Wing                Right Wing               Defense                  Defense                  
   Warren Peters            Dana Tyrell              Andrew Gordon            Jani Hakanpaa            Jon Landry               

Goaltenders
Starting : Harri Sateri             
Backup : David Leggio             

Extra Forwards
Normal : Matthew Pistilli, Scott Campbell, Dana Tyrell - PP : Matthew Pistilli, Scott Campbell - PK : Cam Janssen
Extra Defensemen
Normal : Bretton Stamler, Jon Landry, Jani Hakanpaa - PP : Bretton Stamler - PK : Bretton Stamler, Jani Hakanpaa
Penalty Shots
Andrew Gordon, Ryan Button, Craig Cunningham, Colin Stuart, Warren Peters

% Time on Ice - Admirals

Lines # - Real PCT - Wanted PCT - Time Play
Normal Forward
1 - 24% - 35% - 12:14
2 - 30% - 30% - 15:22
3 - 29% - 22% - 14:33
4 - 17% - 13% - 8:34
Normal Defense
1 - 32% - 35% - 16:04
2 - 31% - 30% - 15:35
3 - 33% - 22% - 16:34
4 - 5% - 13% - 2:30
PP Forward
1 - 54% - 60% - 4:17
2 - 46% - 40% - 3:40
PP Defense
1 - 56% - 60% - 4:25
2 - 44% - 40% - 3:32
PK Forward
1 - 100% - 60% - 0:38
2 - 0% - 40% - 0:00
PK Defense
1 - 39% - 60% - 0:15
2 - 61% - 40% - 0:23
PK3 Forward
1 - 0% - 60%
2 - 0% - 40%
PK3 Defense
1 - 0% - 60%
2 - 0% - 40%
44 Forward
1 - 0% - 60%
2 - 0% - 40%
44 Defense
1 - 0% - 60%
2 - 0% - 40%
Last Minute Offensive  - 0:42
Last Minute Defensive  - 0:00
Total
Forward - 60:00
Defense - 60:00

% Time on Ice - Aeros

Lines # - Real PCT - Wanted PCT - Time Play
Normal Forward
1 - 29% - 35% - 14:30
2 - 30% - 30% - 15:13
3 - 22% - 22% - 11:04
4 - 20% - 13% - 9:56
Normal Defense
1 - 33% - 35% - 16:35
2 - 27% - 30% - 13:56
3 - 31% - 22% - 15:45
4 - 9% - 13% - 4:27
PP Forward
1 - 68% - 60% - 0:26
2 - 32% - 40% - 0:12
PP Defense
1 - 92% - 60% - 0:35
2 - 8% - 40% - 0:03
PK Forward
1 - 82% - 60% - 6:31
2 - 18% - 40% - 1:26
PK Defense
1 - 41% - 60% - 3:14
2 - 59% - 40% - 4:43
PK3 Forward
1 - 0% - 60%
2 - 0% - 40%
PK3 Defense
1 - 0% - 60%
2 - 0% - 40%
44 Forward
1 - 0% - 60%
2 - 0% - 40%
44 Defense
1 - 0% - 60%
2 - 0% - 40%
Last Minute Offensive  - 0:00
Last Minute Defensive  - 0:42
Total
Forward - 60:00
Defense - 60:00

Play by Play

1st period


0:01 of 1st period - Mike Zigomanis wins face-off versus Dana Tyrell in neutral zone.
0:12 of 1st period - Wrist shot by Dana Tyrell.
0:12 of 1st period - Stopped by Brad Thiessen with a rebound.
0:14 of 1st period - Wrist shot by Andrew Gordon.
0:14 of 1st period - Stopped by Brad Thiessen with a rebound.
0:16 of 1st period - Snap shot by Dana Tyrell.
0:16 of 1st period - Shot Misses the Net.
0:56 of 1st period - Snap shot by Carter Ashton.
0:56 of 1st period - Shot Blocked by Warren Peters.
0:58 of 1st period - Snap shot by Nathan McIver.
0:58 of 1st period - Deflect By Carter Ashton.
0:58 of 1st period - Stopped by Harri Sateri with a rebound.
1:00 of 1st period - Wrist shot by Carter Ashton.
1:00 of 1st period - Shot Misses the Net.
1:18 of 1st period - Snap shot by Carter Ashton.
1:18 of 1st period - Shot Blocked by Jon Landry.
2:54 of 1st period - Snap shot by Jean-Gabriel Pageau.
2:54 of 1st period - Deflect By Sven Andrighetto.
2:54 of 1st period - Shot Misses the Net.
2:54 of 1st period - Puck is out of play.
2:55 of 1st period - Jean-Gabriel Pageau wins face-off versus Mike Ullrich in Aeros zone.
3:01 of 1st period - Wrist shot by Jean-Gabriel Pageau.
3:01 of 1st period - Stopped by Harri Sateri with a rebound.
3:03 of 1st period - Wrist shot by Sven Andrighetto.
3:03 of 1st period - Shot Blocked by Mike Ullrich.
3:05 of 1st period - Snap shot by Carter Ashton.
3:05 of 1st period - Shot Misses the Net.
3:23 of 1st period - Slapshot by Mike Ullrich.
3:23 of 1st period - Stopped by Brad Thiessen without a rebound.
3:24 of 1st period - Mike Zigomanis wins face-off versus Andrew Gordon in Admirals zone.
3:58 of 1st period - Darryl Boyce is hit by Ryan Button and loses puck.
4:11 of 1st period - Ryan Bourque is hit by Craig Cunningham and loses puck.
4:28 of 1st period - Wrist shot by Craig Cunningham.
4:28 of 1st period - Stopped by Brad Thiessen without a rebound.
4:29 of 1st period - Jean-Gabriel Pageau wins face-off versus Mike Ullrich in Admirals zone.
4:36 of 1st period - Wrist shot by Jean-Gabriel Pageau.
4:36 of 1st period - Shot Blocked by Danny Hobbs.
4:54 of 1st period - Wrist shot by Jean-Gabriel Pageau.
4:54 of 1st period - Stopped by Harri Sateri with a rebound.
5:02 of 1st period - Snap shot by Carter Ashton.
5:02 of 1st period - Deflect By Danny Hobbs.
5:02 of 1st period - Shot Misses the Net.
5:02 of 1st period - Puck is out of play.
5:03 of 1st period - Warren Peters wins face-off versus Mike Zigomanis in Aeros zone.
5:03 of 1st period - Warren Peters is hit by Joey Crabb.
5:19 of 1st period - Wrist shot by Cam Janssen.
5:19 of 1st period - Shot Misses the Net.
5:31 of 1st period - Snap shot by Craig Cunningham.
5:31 of 1st period - Stopped by Brad Thiessen with a rebound.
5:59 of 1st period - Off-side.
6:00 of 1st period - Dana Tyrell wins face-off versus Jean-Gabriel Pageau in neutral zone.
6:15 of 1st period - Slapshot by Jason Zucker.
6:15 of 1st period - Stopped by Brad Thiessen with a rebound.
6:17 of 1st period - Wrist shot by Dana Tyrell.
6:17 of 1st period - Shot Blocked by Jean-Gabriel Pageau.
6:47 of 1st period - Ryan Bourque is hit by Brodie Dupont and loses puck.
7:10 of 1st period - Wrist shot by Matthew Pistilli.
7:10 of 1st period - Stopped by Brad Thiessen with a rebound.
7:12 of 1st period - Slapshot by Colin Stuart.
7:12 of 1st period - Shot Misses the Net.
8:26 of 1st period - Slapshot by Craig Cunningham.
8:26 of 1st period - Stopped by Brad Thiessen without a rebound.
8:27 of 1st period - Jean-Gabriel Pageau wins face-off versus Dana Tyrell in Admirals zone.
8:56 of 1st period - Snap shot by Jean-Gabriel Pageau.
8:56 of 1st period - Shot Misses the Net.
9:31 of 1st period - Ryan Button is hit by Farm Player2 and loses puck.
10:11 of 1st period - Snap shot by Mike Zigomanis.
10:11 of 1st period - Stopped by Harri Sateri without a rebound.
10:12 of 1st period - Mike Ullrich wins face-off versus Mike Zigomanis in Aeros zone.
10:47 of 1st period - Jon Landry is hit by Carter Ashton and loses puck.
11:30 of 1st period - Wrist shot by Dana Tyrell.
11:30 of 1st period - Stopped by Brad Thiessen with a rebound.
12:00 of 1st period - Minor Penalty to Warren Peters for Roughing.
12:01 of 1st period - Jean-Gabriel Pageau wins face-off versus Andrew Gordon in Aeros zone.
12:32 of 1st period - Andrew Gordon is hit by Darryl Boyce and loses puck.
12:40 of 1st period - Icing by Darryl Boyce.
12:41 of 1st period - Andrew Gordon wins face-off versus Jonathan Marchessault in Admirals zone.
12:42 of 1st period - Wrist shot by Dana Tyrell.
12:42 of 1st period - Stopped by Brad Thiessen without a rebound.
12:43 of 1st period - Andrew Gordon wins face-off versus Mike Zigomanis in Admirals zone.
13:04 of 1st period - Slapshot by Mike Zigomanis.
13:04 of 1st period - Shot Misses the Net.
14:00 of 1st period - Penalty to Warren Peters is over, Warren Peters is back on ice.
14:13 of 1st period - Warren Peters is hit by Bryan Rodney and loses puck.
14:20 of 1st period - Snap shot by Joey Crabb.
14:20 of 1st period - Stopped by Harri Sateri with a rebound.
14:38 of 1st period - Wrist shot by Scott Campbell.
14:38 of 1st period - Shot Misses the Net.
14:52 of 1st period - Snap shot by Scott Campbell.
14:52 of 1st period - Shot Blocked by Nathan McIver.
14:54 of 1st period - Wrist shot by Danny Hobbs.
14:54 of 1st period - Stopped by Brad Thiessen with a rebound.
15:12 of 1st period - Colin Stuart is hit by Darryl Boyce and loses puck.
15:49 of 1st period - Mike Sislo is hit by Warren Peters.
16:38 of 1st period - Mike Zigomanis is hit by Danny Hobbs and loses puck.
17:14 of 1st period - Icing by Bryan Rodney.
17:15 of 1st period - Colin Stuart wins face-off versus Darryl Boyce in Admirals zone.
17:22 of 1st period - Snap shot by Colin Stuart.
17:22 of 1st period - Shot Misses the Net.
17:25 of 1st period - Icing by Darryl Boyce.
17:26 of 1st period - Brodie Dupont wins face-off versus Darryl Boyce in Admirals zone.
18:29 of 1st period - Wrist shot by Jason Zucker.
18:29 of 1st period - Stopped by Brad Thiessen with a rebound.
18:31 of 1st period - Snap shot by Andrew Gordon.
18:31 of 1st period - Deflect By Jason Zucker.
18:31 of 1st period - Goal by Jason Zucker - Admirals : 0 - Aeros : 1.
18:32 of 1st period - Warren Peters wins face-off versus Mike Zigomanis in neutral zone.
Goals for this period are 0 for Admirals vs 1 for Aeros.
Shots for this period are 5 for Admirals vs 13 for Aeros.

2nd period


0:01 of 2nd period - Mike Zigomanis wins face-off versus Dana Tyrell in neutral zone.
0:53 of 2nd period - Sven Andrighetto is hit by Ryan Button.
3:17 of 2nd period - Icing by Scott Campbell.
3:18 of 2nd period - Mike Ullrich wins face-off versus Mike Zigomanis in Aeros zone.
3:25 of 2nd period - Danny Hobbs is hit by Jonathan Marchessault and loses puck.
3:52 of 2nd period - Snap shot by Darryl Boyce.
3:52 of 2nd period - Shot Misses the Net.
4:28 of 2nd period - Snap shot by Carter Ashton.
4:28 of 2nd period - Stopped by Harri Sateri without a rebound.
4:29 of 2nd period - Warren Peters wins face-off versus Jean-Gabriel Pageau in Aeros zone.
4:48 of 2nd period - Snap shot by Carter Ashton.
4:48 of 2nd period - Shot Misses the Net.
4:50 of 2nd period - Snap shot by Jean-Gabriel Pageau.
4:50 of 2nd period - Deflect By Sven Andrighetto.
4:50 of 2nd period - Stopped by Harri Sateri with a rebound.
5:37 of 2nd period - Darryl Boyce is hit by Colin Stuart and loses puck.
6:15 of 2nd period - Snap shot by Joey Crabb.
6:15 of 2nd period - Stopped by Harri Sateri with a rebound.
6:38 of 2nd period - Snap shot by Carter Ashton.
6:38 of 2nd period - Stopped by Harri Sateri without a rebound.
6:39 of 2nd period - Jean-Gabriel Pageau wins face-off versus Dana Tyrell in Aeros zone.
6:42 of 2nd period - Snap shot by Carter Ashton.
6:42 of 2nd period - Stopped by Harri Sateri with a rebound.
6:54 of 2nd period - Snap shot by Jason Zucker.
6:54 of 2nd period - Shot Blocked by Sven Andrighetto.
6:56 of 2nd period - Slapshot by Patrick Wey.
6:56 of 2nd period - Stopped by Brad Thiessen with a rebound.
6:58 of 2nd period - Slapshot by Dana Tyrell.
6:58 of 2nd period - Shot Misses the Net.
7:00 of 2nd period - Wrist shot by Dana Tyrell.
7:00 of 2nd period - Stopped by Brad Thiessen without a rebound.
7:01 of 2nd period - Mike Ullrich wins face-off versus Darryl Boyce in Admirals zone.
7:12 of 2nd period - Scott Campbell is hit by Darryl Boyce and loses puck.
7:52 of 2nd period - Scott Campbell is hit by Joey Crabb and loses puck.
8:01 of 2nd period - Snap shot by Joey Crabb.
8:01 of 2nd period - Shot Misses the Net.
8:38 of 2nd period - Snap shot by Jason Zucker.
8:38 of 2nd period - Stopped by Brad Thiessen without a rebound.
8:39 of 2nd period - Warren Peters wins face-off versus Brayden Irwin in Admirals zone.
8:42 of 2nd period - Slapshot by Craig Cunningham.
8:42 of 2nd period - Shot Misses the Net.
9:25 of 2nd period - Mike Sislo is hit by Cam Janssen.
9:39 of 2nd period - Sven Andrighetto is hit by Patrick Wey and loses puck.
10:05 of 2nd period - Joey Crabb is hit by Dana Tyrell and loses puck.
10:31 of 2nd period - Patrick Wey and Brayden Irwin fight to a draw.
10:31 of 2nd period - Penalty to Patrick Wey for Fighting.
10:31 of 2nd period - Penalty to Brayden Irwin for Fighting.
10:32 of 2nd period - Jean-Gabriel Pageau wins face-off versus Brodie Dupont in neutral zone.
10:46 of 2nd period - Off-side.
10:47 of 2nd period - Brodie Dupont wins face-off versus Jean-Gabriel Pageau in neutral zone.
10:52 of 2nd period - Carter Ashton is hit by Bretton Stamler and loses puck.
11:36 of 2nd period - Sven Andrighetto is hit by Craig Cunningham and loses puck.
11:41 of 2nd period - Snap shot by Cam Janssen.
11:41 of 2nd period - Goal by Cam Janssen - Admirals : 0 - Aeros : 2.
11:42 of 2nd period - Dana Tyrell wins face-off versus Mike Zigomanis in neutral zone.
11:49 of 2nd period - Snap shot by Dana Tyrell.
11:49 of 2nd period - Stopped by Brad Thiessen without a rebound.
11:50 of 2nd period - Mike Zigomanis wins face-off versus Dana Tyrell in Admirals zone.
12:01 of 2nd period - Wrist shot by Joey Crabb.
12:01 of 2nd period - Shot Misses the Net.
12:03 of 2nd period - Wrist shot by Jonathan Marchessault.
12:03 of 2nd period - Shot Misses the Net.
12:58 of 2nd period - Slapshot by Mike Sislo.
12:58 of 2nd period - Shot Misses the Net.
13:48 of 2nd period - Joey Crabb is hit by Bretton Stamler and loses puck.
14:09 of 2nd period - Slapshot by Carter Ashton.
14:09 of 2nd period - Shot Misses the Net.
14:11 of 2nd period - Snap shot by Sven Andrighetto.
14:11 of 2nd period - Goal by Sven Andrighetto - Admirals : 1 - Aeros : 2.
14:12 of 2nd period - Jean-Gabriel Pageau wins face-off versus Dana Tyrell in neutral zone.
14:23 of 2nd period - Slapshot by Carter Ashton.
14:23 of 2nd period - Deflect By Sven Andrighetto.
14:23 of 2nd period - Stopped by Harri Sateri without a rebound.
14:24 of 2nd period - Dana Tyrell wins face-off versus Jean-Gabriel Pageau in Aeros zone.
14:56 of 2nd period - Backhand shot by Carter Ashton.
14:56 of 2nd period - Stopped by Harri Sateri without a rebound.
14:57 of 2nd period - Mike Zigomanis wins face-off versus Warren Peters in Aeros zone.
15:03 of 2nd period - Double Minor Penalty to Cam Janssen for Slashing.
15:04 of 2nd period - Mike Zigomanis wins face-off versus Andrew Gordon in Aeros zone.
15:27 of 2nd period - Snap shot by Mike Zigomanis.
15:27 of 2nd period - Stopped by Harri Sateri with a rebound.
15:31 of 2nd period - Penalty to Patrick Wey is over, Patrick Wey is back on ice.
15:37 of 2nd period - Jonathan Marchessault is hit by Andrew Gordon and loses puck.
16:30 of 2nd period - Slapshot by Jean-Gabriel Pageau.
16:30 of 2nd period - Shot Blocked by Patrick Wey.
16:32 of 2nd period - Wrist shot by Jean-Gabriel Pageau.
16:32 of 2nd period - Stopped by Harri Sateri with a rebound.
16:34 of 2nd period - Wrist shot by Jean-Gabriel Pageau.
16:34 of 2nd period - Shot Misses the Net.
16:36 of 2nd period - Slapshot by Sven Andrighetto.
16:36 of 2nd period - Stopped by Harri Sateri with a rebound.
16:54 of 2nd period - Snap shot by Mike Zigomanis.
16:54 of 2nd period - Deflect By Jonathan Marchessault.
16:54 of 2nd period - Shot Misses the Net.
16:54 of 2nd period - Puck is out of play.
16:55 of 2nd period - Craig Cunningham wins face-off versus Mike Zigomanis in Aeros zone.
18:09 of 2nd period - Scott Campbell is hit by Jean-Gabriel Pageau and loses puck.
19:03 of 2nd period - Penalty to Cam Janssen is over, Cam Janssen is back on ice.
19:25 of 2nd period - Joel Chouinard is hit by Farm Player31 and loses puck.
19:42 of 2nd period - Keith Aucoin is hit by Joel Chouinard and loses puck.
Goals for this period are 1 for Admirals vs 1 for Aeros.
Shots for this period are 11 for Admirals vs 5 for Aeros.

3rd period


0:01 of 3rd period - Mike Zigomanis wins face-off versus Dana Tyrell in neutral zone.
0:18 of 3rd period - Andrew Gordon is hit by Joey Crabb and loses puck.
0:25 of 3rd period - Backhand shot by Dana Tyrell.
0:25 of 3rd period - Stopped by Brad Thiessen with a rebound.
0:49 of 3rd period - Snap shot by Craig Cunningham.
0:49 of 3rd period - Shot Misses the Net.
0:57 of 3rd period - Snap shot by Craig Cunningham.
0:57 of 3rd period - Shot Blocked by Bryan Rodney.
1:25 of 3rd period - Snap shot by Jean-Gabriel Pageau.
1:25 of 3rd period - Stopped by Harri Sateri with a rebound.
1:27 of 3rd period - Snap shot by Sven Andrighetto.
1:27 of 3rd period - Deflect By Warren Peters.
1:27 of 3rd period - Stopped by Harri Sateri with a rebound.
2:00 of 3rd period - Backhand shot by Colin Stuart.
2:00 of 3rd period - Stopped by Brad Thiessen with a rebound.
2:02 of 3rd period - Snap shot by Matthew Pistilli.
2:02 of 3rd period - Stopped by Brad Thiessen with a rebound.
2:42 of 3rd period - Keith Aucoin is hit by Mike Ullrich and loses puck.
3:05 of 3rd period - Brayden Irwin is hit by Jani Hakanpaa and loses puck.
3:49 of 3rd period - Snap shot by Jonathan Marchessault.
3:49 of 3rd period - Stopped by Harri Sateri without a rebound.
3:50 of 3rd period - Brodie Dupont wins face-off versus Mike Zigomanis in Aeros zone.
3:55 of 3rd period - Snap shot by Colin Stuart.
3:55 of 3rd period - Stopped by Brad Thiessen with a rebound.
4:19 of 3rd period - Matthew Pistilli is hit by Mike Sislo and loses puck.
4:26 of 3rd period - Jon Landry is hit by Darryl Boyce and loses puck.
4:51 of 3rd period - Slapshot by Jean-Gabriel Pageau.
4:51 of 3rd period - Shot Misses the Net.
4:53 of 3rd period - Wrist shot by Carter Ashton.
4:53 of 3rd period - Shot Misses the Net.
4:55 of 3rd period - Slapshot by Carter Ashton.
4:55 of 3rd period - Shot Blocked by Warren Peters.
4:57 of 3rd period - Snap shot by Carter Ashton.
4:57 of 3rd period - Goal by Carter Ashton - Admirals : 2 - Aeros : 2.
4:58 of 3rd period - Dana Tyrell wins face-off versus Jean-Gabriel Pageau in neutral zone.
5:23 of 3rd period - Carter Ashton is hit by Dana Tyrell and loses puck.
5:34 of 3rd period - Carter Ashton is hit by Andrew Gordon and loses puck.
5:55 of 3rd period - Bryan Rodney is hit by Warren Peters.
6:07 of 3rd period - Wrist shot by Mike Sislo.
6:07 of 3rd period - Shot Misses the Net.
6:13 of 3rd period - Mike Sislo is hit by Cam Janssen and loses puck.
6:34 of 3rd period - Mike Ullrich is hit by Mike Zigomanis and loses puck.
7:21 of 3rd period - Snap shot by Keith Aucoin.
7:21 of 3rd period - Deflect By Joey Crabb.
7:21 of 3rd period - Shot Blocked by Bretton Stamler.
7:21 of 3rd period - Puck is out of play.
7:22 of 3rd period - Brayden Irwin wins face-off versus Dana Tyrell in Aeros zone.
7:33 of 3rd period - Keith Aucoin is hit by Andrew Gordon and loses puck.
7:40 of 3rd period - Snap shot by Andrew Gordon.
7:40 of 3rd period - Stopped by Brad Thiessen with a rebound.
7:42 of 3rd period - Slapshot by Andrew Gordon.
7:42 of 3rd period - Shot Misses the Net.
7:44 of 3rd period - Slapshot by Joel Chouinard.
7:44 of 3rd period - Deflect By Jason Zucker.
7:44 of 3rd period - Stopped by Brad Thiessen with a rebound.
7:56 of 3rd period - Wrist shot by Andrew Gordon.
7:56 of 3rd period - Shot Misses the Net.
7:58 of 3rd period - Snap shot by Dana Tyrell.
7:58 of 3rd period - Shot Misses the Net.
8:18 of 3rd period - Darryl Boyce is hit by Jani Hakanpaa and loses puck.
9:02 of 3rd period - Minor Penalty to Ryan Button for Holding.
9:03 of 3rd period - Andrew Gordon wins face-off versus Jean-Gabriel Pageau in Aeros zone.
9:24 of 3rd period - Wrist shot by Dana Tyrell.
9:24 of 3rd period - Shot Misses the Net.
9:26 of 3rd period - Slapshot by Joel Chouinard.
9:26 of 3rd period - Stopped by Brad Thiessen with a rebound.
9:48 of 3rd period - Andrew Gordon is hit by Carter Ashton and loses puck.
10:03 of 3rd period - Dana Tyrell is hit by Joey Crabb and loses puck.
10:10 of 3rd period - Wrist shot by Joey Crabb.
10:10 of 3rd period - Shot Misses the Net.
10:12 of 3rd period - Snap shot by Bryan Rodney.
10:12 of 3rd period - Shot Misses the Net.
11:02 of 3rd period - Penalty to Ryan Button is over, Ryan Button is back on ice.
11:06 of 3rd period - Sven Andrighetto is hit by Ryan Button and loses puck.
11:25 of 3rd period - Darryl Boyce is hit by Patrick Wey and loses puck.
12:30 of 3rd period - Danny Hobbs is hit by Mike Zigomanis and loses puck.
12:42 of 3rd period - Mike Ullrich is hit by Ryan Bourque and loses puck.
13:25 of 3rd period - Cam Janssen is hit by Farm Player11 and loses puck.
13:34 of 3rd period - Jean-Gabriel Pageau is hit by Ryan Button and loses puck.
13:41 of 3rd period - Sven Andrighetto is hit by Craig Cunningham and loses puck.
14:00 of 3rd period - Backhand shot by Colin Stuart.
14:00 of 3rd period - Stopped by Brad Thiessen with a rebound.
14:02 of 3rd period - Slapshot by Jani Hakanpaa.
14:02 of 3rd period - Stopped by Brad Thiessen with a rebound.
14:04 of 3rd period - Slapshot by Matthew Pistilli.
14:04 of 3rd period - Shot Misses the Net.
14:06 of 3rd period - Wrist shot by Colin Stuart.
14:06 of 3rd period - Stopped by Brad Thiessen without a rebound.
14:07 of 3rd period - Ryan Bourque wins face-off versus Matthew Pistilli in Admirals zone.
15:50 of 3rd period - Ryan Bourque is hit by Andrew Gordon and loses puck.
16:20 of 3rd period - Icing by Keith Aucoin.
16:21 of 3rd period - Warren Peters wins face-off versus Brayden Irwin in Admirals zone.
16:22 of 3rd period - Wrist shot by Cam Janssen.
16:22 of 3rd period - Stopped by Brad Thiessen with a rebound.
16:24 of 3rd period - Slapshot by Jon Landry.
16:24 of 3rd period - Shot Blocked by Brayden Irwin.
16:31 of 3rd period - Minor Penalty to Farm Player11 for Hooking.
16:32 of 3rd period - Warren Peters wins face-off versus Joey Crabb in Admirals zone.
16:44 of 3rd period - Andrew Gordon is hit by Joey Crabb and loses puck.
17:04 of 3rd period - Brayden Irwin is hit by Jani Hakanpaa and loses puck.
17:09 of 3rd period - Wrist shot by Cam Janssen.
17:09 of 3rd period - Goal by Cam Janssen - Admirals : 2 - Aeros : 3.
17:10 of 3rd period - Jean-Gabriel Pageau wins face-off versus Warren Peters in neutral zone.
17:13 of 3rd period - Ryan Button is hit by Sven Andrighetto and loses puck.
17:24 of 3rd period - Snap shot by Cam Janssen.
17:24 of 3rd period - Stopped by Brad Thiessen without a rebound.
17:25 of 3rd period - Jean-Gabriel Pageau wins face-off versus Warren Peters in Admirals zone.
18:34 of 3rd period - Snap shot by Jason Zucker.
18:34 of 3rd period - Shot Misses the Net.
18:40 of 3rd period - Joel Chouinard is hit by Darryl Boyce and loses puck.
19:09 of 3rd period - Wrist shot by Matthew Pistilli.
19:09 of 3rd period - Shot Misses the Net.
19:11 of 3rd period - Wrist shot by Matthew Pistilli.
19:11 of 3rd period - Stopped by Brad Thiessen with a rebound.
19:13 of 3rd period - Snap shot by Brodie Dupont.
19:13 of 3rd period - Shot Misses the Net.
19:15 of 3rd period - Slapshot by Jon Landry.
19:15 of 3rd period - Shot Blocked by Farm Player31.
19:17 of 3rd period - Slapshot by Jon Landry.
19:17 of 3rd period - Stopped by Brad Thiessen without a rebound.
19:18 of 3rd period - Dave Lewis call a timeout for Admirals.
19:18 of 3rd period - Mike Zigomanis wins face-off versus Warren Peters in Admirals zone.
19:37 of 3rd period - Snap shot by Andrew Gordon.
19:37 of 3rd period - Shot Blocked by Mike Zigomanis.
19:39 of 3rd period - Wrist shot by Warren Peters.
19:39 of 3rd period - Shot Blocked by Joey Crabb.
Goals for this period are 1 for Admirals vs 1 for Aeros.
Shots for this period are 4 for Admirals vs 15 for Aeros.


Output by the SimonT Hockey Simulator (STHS) for Eric Dolegowski -- Original Page W3C XHTML 1.0 Valid
Hockey Simulator - Hockey Simulation - Hockey Manager